 Dungeon Sprint DCSS version 0.31.0-11-ge490571c62 (webtiles) character file.

Game seed: 16356191051550500196

0 boopmooplesden the Covered (level 1, -3/18 HPs)
             Began as an Armataur Fighter on Feb 4, 2024.
             Was an Initiate of Trog.
             Slain by Sigmund
             ... wielding a +0 scythe
              (9 damage)
             ... in the Dungeon (Sprint VI: "Thunderdome").
             The game lasted 00:00:45 (110 turns).

boopmooplesden the Covered (Armataur Fighter)        Turns: 110, Time: 00:00:45

Health: -3/18      AC:  7    Str: 23    XL:     1   Next: 16%
Magic:  1/1        EV:  7    Int: 14    God:    Trog [......]
Gold:   65         SH:  5    Dex: 15    Spells: 0/0 levels left

rFire   . . .        a - +0 long sword
rCold   . . .        c - +0 buckler
rNeg    + + .        b - +0 scale mail
rPois   +            (no helmet)
rElec   +            (no cloak)
rCorr   .            (no gloves)
SInv    .            (no barding)
Will    .....        o - amulet of Xoukem {Acrobat rN++ Str-3} Stlth
                     p - ring of Keeptin {rElec Str+5 Int+6 Stlth-}
HPRegen 0.23/turn    q - ring "Delimorch" {rPois Dex+6 Stlth+}
MPRegen 0.07/turn

%: no teleportation, acrobat, roll
@: mighty
A: large, deformed body, tough skin 3, armoured tail, roll 1
a: Renounce Religion


You were in the Dungeon.
You worshipped Trog.
Trog was noncommittal.
You visited 1 branch You collected 200 gold pieces.
You spent 135 gold pieces at shops.

Inventory:

Hand Weapons
 a - a +0 long sword (weapon)
Armour
 b - a +0 scale mail (worn)
 c - a +0 buckler (worn)
Jewellery
 o - the amulet of Xoukem (around neck) {Acrobat rN++ Str-3}
   (You bought it in a shop in the Dungeon)

   [amulet of the acrobat]

   Acrobat:   It increases your evasion while moving and waiting.
   Str-3:     It affects your strength (-3).
   rN++:      It greatly protects you from negative energy.
 p - the ring of Keeptin (left hand) {rElec Str+5 Int+6 Stlth-}
   (You bought it in a shop in the Dungeon)

   [ring of intelligence]

   Str+5:     It affects your strength (+5).
   Int+6:     It affects your intelligence (+6).
   rElec:     It insulates you from electricity.
   Stlth-:    It makes you less stealthy.
 q - the ring "Delimorch" (right hand) {rPois Dex+6 Stlth+}
   (You bought it in a shop in the Dungeon)

   [ring of dexterity]

   Dex+6:     It affects your dexterity (+6).
   rPois:     It protects you from poison Stlth+: It makes you more stealthy.
Wands
 l - a wand of light (5)
 m - a wand of roots (5)
Scrolls
 j - 4 scrolls of blinking
 n - 3 scrolls of fog
Potions
 e - a potion of curing
 f - 4 potions of heal wounds
 g - 4 potions of haste
 h - 2 potions of magic
 i - a potion of berserk rage
 k - a potion of resistance


   Skills:
 + Level 2.9 Fighting
 + Level 1.9 Long Blades
 + Level 3.9 Armour
 + Level 3.5 Shields


You couldn't memorise any spells.
You didn't know any spells.
Your spell library was empty.

Dungeon Overview and Level Annotations

Branches:
Dungeon (1/1)

Altars:
Cheibriados
Dithmenos
Fedhas
Gozag
Kikubaaqudgha
Makhleb
Okawaru
Qazlal
Ru
Sif Muna
Trog
Uskayaw
Vehumet
Wu Jian
Xom
Yredelemnul
Zin
The Shining One
Lugonu

Shops:
D *[=??*?*:[((!!!!

Annotations:
D Sigmund


Innate Abilities, Weirdness & Mutations

Armour fits poorly on your strangely shaped body.
You have extremely tough skin. (AC +3)
You have a long armoured tail.
You regenerate magic when rolling toward enemies. (Rampage MPRegen)


Message History

Found three shops.
A ball python comes into view.
You roll towards the ball python!
You closely miss the ball python. The ball python bites you.
You block the ball python's attack.
You hit the ball python but do no damage.
The ball python bites you but does no damage.
You hit the ball python.
Your tail-slap misses the ball python.
The ball python is moderately wounded.
The ball python barely misses you. You block the ball python's attack.
You hit the ball python.
You kill the ball python!
Trog accepts your kill.
A frilled lizard comes into view.
The frilled lizard hisses angrily.
You hit the frilled lizard.
You kill the frilled lizard!
Trog accepts your kill.
You see here a frilled lizard corpse.
Sigmund the Dreaded comes into view.
He is wielding a +0 scythe.
Sigmund shouts!
Sigmund points at you and mumbles some strange words.
The magic dart hits you.
You roll towards Sigmund!
Sigmund points at you and mumbles some strange words.
You are confused.
You're too confused to move!
Sigmund hits you but does no damage.
You feel less confused. Sigmund barely misses you.
You feel very mighty all of a sudden. Sigmund hits you with a +0 scythe!
Ouch! That really hurt!
You completely miss Sigmund. Sigmund casts a spell at you.
You resist with significant effort.
You slash Sigmund!
Sigmund is heavily wounded.
Sigmund hits you with a +0 scythe!
Ouch! That really hurt!
You die...
Sigmund begins carving another notch in his scythe.

##### ##⌠⌠⌠## #.....# ##.....##
##∩.....∩## #∩.......∩#
#........_# #_......._#
#_.....@._# ###......@..###
#⌠...........⌠#
######.8.........8.######
##∩_._......###......___∩##
##∩........8.# #.8........∩###
.............###.............#
..........###...###..........⌠#
..........# #.<.# #..........⌠#


You could see Sigmund.

Vanquished Creatures
  A ball python (D)
  A frilled lizard (D)
2 creatures vanquished.

Notes
Turn   | Place    | Note
-------+----------+-------------------------------------------
     0 | D        | boopmooplesden the Armataur Fighter began the quest for the
                  | Orb.
     0 | D        | Reached XP level 1. HP: 18/18 MP: 1/1
     3 | D        | Found a shimmering altar of Xom.
     4 | D        | Found an iron altar of Okawaru.
     5 | D        | Found an ornate altar of the Wu Jian Council.
     5 | D        | Found a burning altar of Makhleb.
     5 | D        | Round 1.
     6 | D        | Found Vages's Timeless Talismans.
     6 | D        | Found an ancient bone altar of Kikubaaqudgha.
     6 | D        | Found a stormy altar of Qazlal.
     6 | D        | Found Xeqar's Identification Station.
     7 | D        | Found Bedafis's Jewellery.
     7 | D        | Found Xipoep's Advanced Armour.
    15 | D        | Bought a brightly glowing sapphire amulet for 45 gold
                  | pieces
    15 | D        | Identified the amulet of Xoukem {Acrobat rN++ Str-3} (You
                  | bought it in a shop in the Dungeon)
    15 | D        | Bought a transparent ivory ring for 45 gold pieces
    15 | D        | Identified the ring of Keeptin {rElec Str+5 Int+6 Stlth-}
                  | (You bought it in a shop in the Dungeon)
    15 | D        | Bought a vibrating carnelian ring for 45 gold pieces
    15 | D        | Identified the ring "Delimorch" {rPois Dex+6 Stlth+} (You
                  | bought it in a shop in the Dungeon)
    25 | D        | Found a blossoming altar of Fedhas.
    27 | D        | Found a sacrificial altar of Ru.
    28 | D        | Found Huaquupt's Premium Goods.
    29 | D        | Found Niruces's Miscellaneous Merchandise.
    29 | D        | Found Kaarphihi's Basic Armour.
    30 | D        | Found an opulent altar of Gozag.
    30 | D        | Found a basalt altar of Yredelemnul.
    30 | D        | Found Janixkan's Weapon Rack.
    34 | D        | Found a shadowy altar of Dithmenos.
    35 | D        | Found a glowing golden altar of the Shining One.
    36 | D        | Found a hide-covered altar of Uskayaw.
    37 | D        | Found Nek Bagh's Do-It-Yourself Clinic.
    37 | D        | Found a glowing silver altar of Zin.
    37 | D        | Found a snail-covered altar of Cheibriados.
    37 | D        | Found a bloodstained altar of Trog.
    37 | D        | Found Jacsoel's Distillery.
    38 | D        | Found Koga Vick's Bottled Wisdom.
    38 | D        | Found Kiyjub's Distillery.
    41 | D        | Found a corrupted altar of Lugonu.
    45 | D        | Became a worshipper of Trog the Wrathful
    48 | D        | Found a radiant altar of Vehumet.
    50 | D        | Found a shimmering blue altar of Sif Muna.
    51 | D        | Found Zinion's Staff Store.
    52 | D        | Found Hiawk's Magic Scroll Shop.
    52 | D        | Found Tintaoco's Must-Have Magic.
    52 | D        | Found Deocwixat's Magic Scroll Shop.
    99 | D        | Noticed Sigmund
   110 | D        | Slain by Sigmund

Illustrated notes

Levels and vault maps discovered:
D:        arena_sprint

Action                     || total
---------------------------++-------
  Melee: Long sword        ||     7
    Use: Potion            ||     1
 Armour: Scale mail        ||     6
  Dodge: Dodged            ||     2
  Block: Buckler           ||     2
